 Dungeon Crawl Stone Soup version 0.22-a0-271-gc000056a37 (webtiles) character file.

441 Manul the Poker (level 6, -5/53 HPs)
             Began as a Draconian Monk on Mar 11, 2018.
             Slain by a wight
             ... wielding a +5 spear of freezing
              (6 damage)
             ... on level 6 of the Dungeon.
             The game lasted 00:07:44 (5200 turns).

Manul the Poker (Draconian Monk)                    Turns: 5200, Time: 00:07:44

Health: -5/53      AC:  8    Str: 13 (14) XL:     6   Next: 70%
Magic:  6/6        EV: 13    Int:  9 (11) God:
Gold:   147        SH:  0    Dex: 11 (12) Spells: 5/5 levels left

rFire    + . .     SeeInvis .   a - +1 spear
rCold    x . .     Gourm    .   (no shield)
rNeg     . . .     Faith    .   (armour unavailable)
rPois    .         Spirit   .   (helmet restricted)
rElec    .         Reflect  .   (no cloak)
rCorr    .         Harm     .   d - +1 pair of gloves
MR       .....                  (no boots)
Stlth    ++........             (no amulet)
HPRegen  0.17/turn              e - ring of fire
MPRegen  0.10/turn              m - -2 ring of dexterity (curse)

@: slowed, very slow
A: unfitting armour, cold-blooded, AC +6
a: no special abilities


You were on level 6 of the Dungeon.
You were very hungry.

You visited 1 branch of the dungeon, and saw 6 of its levels.

You collected 147 gold pieces.

Inventory:

Hand Weapons
 a - a +1 spear (weapon)
Armour
 d - a +1 pair of gloves (worn)
 h - a +0 cloak
 n - a +0 pair of gloves
Jewellery
 c - an uncursed ring of protection from fire
 e - a ring of fire (left hand)
 m - a cursed -2 ring of dexterity (right hand)
Potions
 f - a potion of flight
 i - a potion of degeneration
 o - a potion of agility
Comestibles
 b - 6 rations


   Skills:
 + Level 4.7 Fighting
 + Level 5.6 Polearms
 + Level 3.7 Dodging
 + Level 3.3 Stealth


You had 5 spell levels left.
You didn't know any spells.

Dungeon Overview and Level Annotations

Branches:
Dungeon (6/15)
 Temple: D:4-7

Altars:
Dithmenos

Annotations:
D:4 mora's ghost, amateur GnSk


Innate Abilities, Weirdness & Mutations

Your plain brown scales are hard. (AC +6)
You cannot fit into any form of body armour.
You are cold-blooded and may be slowed by cold attacks.


Message History

There is a stone staircase leading down here.
Found a shortbow.
There is a stone staircase leading down here.
The ice beast closely misses you.
You are feeling very hungry.
There is a stone staircase leading down here.
A jackal comes into view.
There is a stone staircase leading down here.
You climb downwards. 4 wights come into view.
A wight is wielding a spear of freezing.
There is a stone staircase leading up here.
The wight hits you with a spear of freezing.
* * * LOW HITPOINT WARNING * * *
The wight freezes you.
* * * LOW HITPOINT WARNING * * *
The wight hits you from afar with a spear of freezing!
* * * LOW HITPOINT WARNING * * *
You feel yourself slow down. The wight freezes you.
You die...

# # ## ..###.
..## ......#
...# #.....###
..... #..@.##..#
#.......z#
#...#zz..##
#.............
.......z.......
....#####..##...
....# .## ..
...# .# # .#


You could see 4 wights.

Vanquished Creatures
  4 hounds
  3 orc priests (D:4)
  3 orc wizards (D:4)
  A gnoll (D:1)
  6 adders
  An adder skeleton (D:4)
  A dart slug (D:1)
  2 worms (D:2)
  3 leopard geckos
  12 orcs
  3 ball pythons
  3 giant cockroaches
  4 goblins
  7 hobgoblins
  3 jackals (D:3)
  11 kobolds
  2 quokkas (D:4)
  6 bats
  7 frilled lizards
  7 rats
89 creatures vanquished.

Notes
Turn   | Place    | Note
-------+----------+-------------------------------------------
     0 | D:1      | Manul the Draconian Monk began the quest for the Orb.
     0 | D:1      | Reached XP level 1. HP: 19/19 MP: 1/1
    64 | D:1      | Reached XP level 2. HP: 10/26 MP: 2/2
   519 | D:1      | Reached XP level 3. HP: 33/33 MP: 3/3
   998 | D:2      | Reached XP level 4. HP: 23/40 MP: 4/4
  1188 | D:2      | Found a shadowy altar of Dithmenos.
  1606 | D:2      | Reached skill level 4 in Polearms
  2393 | D:3      | Reached XP level 5. HP: 46/46 MP: 5/5
  3781 | D:4      | Reached skill level 5 in Polearms
  3781 | D:4      | Reached XP level 6. HP: 20/53 MP: 6/6
  3832 | D:4      | Noticed mora's ghost (amateur GnSk)
  4801 | D:5      | Entered Level 5 of the Dungeon
  5071 | D:5      | Noticed an ice beast
  5200 | D:6      | HP: 1/53 [wight/spear of freezing (8)]
  5200 | D:6      | Slain by a wight

Vault maps used:
D:1:      dpeg_arrival_tiny_i
D:2:      nicolae_dithmenos_through_a_glass_darkly
D:3:      first_ration, serial_park_tiny_pond
D:4:      small_statue_intersection
D:5:      serial_shops, kennysheep_mini_moat, kennysheep_little_box,
          nicolae_shop_temple_entry_statues_fountains, basic_altar
D:6:      minmay_temple_entry_large_hall

Skill      XL: |  1  2  3  4  5 |
---------------+----------------+-----
Stealth        | 2 3 |  3.3
Dodging        | 3 |  3.7
Polearms       | 4 5 |  5.6
Fighting       | 4 |  4.7

Action                   |  1- 3 |  4- 6 || total
-------------------------+-------+-------++-------
Melee: Spear             |    71 |   377 ||   448
       Tailslap          |     8 |    43 ||    51
  Use: Scroll            |       |     8 ||     8
       Potion            |       |     4 ||     4
 Stab: Sleeping          |    10 |     5 ||    15
  Eat: Chunk             |       |     6 ||     6
       Ration            |       |     2 ||     2
Armor: Skin              |     5 |    81 ||    86
Dodge: Dodged            |    30 |   175 ||   205

Table legend:
 A = Spawn XP
 B = Non-spawn XP
 C = Spawn XP percentage of total XP
 D = Spawn monster count
 E = Non-spawn monster count
 F = Spawn count percentage of total count
 G = Total turns spent on level
                    A         B        C        D         E        F      G
               +---------+---------+-------+---------+---------+-------+---------
         Total |       0 |     630 |   0.0 |       0 |      89 |   0.0 |  5200
               +---------+---------+-------+---------+---------+-------+---------
           D:1 |       0 |      54 |   0.0 |       0 |      24 |   0.0 |   954
           D:2 |       0 |      93 |   0.0 |       0 |      14 |   0.0 |   992
           D:3 |       0 |     116 |   0.0 |       0 |      32 |   0.0 |  2245
           D:4 |       0 |     309 |   0.0 |       0 |      17 |   0.0 |   610
           D:5 |       0 |      58 |   0.0 |       0 |       2 |   0.0 |   397
               +---------+---------+-------+---------+---------+-------+---------
